AoeStats
← theanswer5

Arabian Desert

510392775Analyzed
1v1 RM · 1d ago on Sep 30, 2026· 23m 27s· 2 players
Game mode
Random Map
Map size
Tiny (2 player)
Population
200
Speed
Normal
Resources
Standard
Victory
Conquest
Starting age
Dark Age
Ending age
Imperial Age
RankedLock teamsTeams togetherTeam positionsShared explorationLock speedFull tech treeHidden civsTurbo modeCheats
Victory
Defeat
🇹🇷 Vietnamese · Türkiye
1581
+16
🇲🇽 Wu · Mexico
1591
-16
theanswer5
5:45 Loom
10:28 Feudal Age
10:40 Man-at-Arms
13:07 Double-Bit Axe
15:48 Fletching
18:31 Padded Archer Armor
Ferchis
6:52 Loom
9:39 Feudal Age
9:54 Man-at-Arms
22:06 Castle Age
Connection lost

Rejoining the realm…

Still unreachable

The connection could not be restored.

Session expired

The server has moved on; the page needs a fresh start.